Map: Simulacrum LE

Players

ViBE

  • Race: Zerg Zerg
  • League: Platinum
  • Spawn Location: 5:00

Cheesus - Winner!

  • Race: Zerg Zerg
  • League: Platinum
  • Spawn Location: 11:00

VOD

Have the link to the VOD?

Description

Time

  • Played on: Dec. 12, 2019, 9:38 p.m.
  • Length: 16:17
Show
View Real Time Build Order
Export as new Build Order

ViBE Zerg 

Build Orders: Hatch First, Lurkers, Roach Hydra 

Get SALT Encoding   

  12  0:00  Drone  
  13  0:12  Overlord  
  13  0:18  Drone  
  14  0:30  Drone x2  
  16  0:49  Hatchery  
  15  0:54  Drone  
  17  0:57  Drone  
  17  1:00  Drone  
  18  1:15  Spawning Pool  
  18  1:17  Drone  
  18  1:22  Drone  
  19  1:28  Extractor, Drone  
  19  1:39  Drone  
  20  1:52  Overlord  
  20  2:04  Drone  
  20  2:05  Drone  
  20  2:06  Queen x2  
  26  2:17  Drone x2  
  28  2:23  Zergling x4  
  30  2:33  Overlord  
  30  2:44  Drone x2, Queen  
  31  2:46  Lair  
  31  2:47  Drone  
  35  3:03  Drone x2  
  37  3:07  Drone  
  37  3:08  Drone  
  37  3:12  Roach Warren  
  38  3:15  Evolution Chamber  
  38  3:16  Drone x4  
  38  3:18  Drone  
  43  3:20  Drone  
  43  3:24  Drone  
  43  3:40  Extractor  
  42  3:42  Extractor, Overlord  
  41  3:52  Glial Reconstitution, Zerg Missile Weapons Level 1  
  41  3:55  Overlord  
  41  3:58  Drone x2  
  41  3:59  Overlord  
  43  4:09  Overlord  
  43  4:12  Drone  
  43  4:13  Drone x4  
  48  4:19  Roach x3  
  54  4:27  Hatchery  
  54  4:29  Drone  
  54  4:32  Roach x4  
  62  4:44  Roach x2  
  66  4:55  Roach  
  66  4:56  Roach x3  
  66  4:57  Overseer  
  66  4:58  Overlord  
  74  5:09  Overlord x3  
  74  5:18  Drone x2  
  76  5:25  Drone  
  76  5:26  Drone  
  78  5:29  Drone x3  
  81  5:37  Drone x3  
  84  5:43  Drone x2  
  84  5:49  Drone  
  87  5:53  Drone x2  
  89  5:58  Hatchery  
  89  6:01  Zerg Missile Weapons Level 2  
  89  6:03  Hydralisk Den  
  87  6:06  Drone x9  
  87  6:09  Extractor  
  95  6:11  Extractor  
  95  6:12  Extractor  
  95  6:16  Drone x2  
  95  6:35  Drone x4  
  99  6:41  Drone  
  99  6:42  Roach  
  99  6:43  Lurker Den, Roach x6  
  99  6:45  Overlord x2  
  113  6:51  Overlord  
  113  6:53  Overlord  
  113  6:59  Overlord x4  
  113  7:18  Hatchery  
  113  7:21  Drone  
  113  7:25  Roach x6, Grooved Spines  
  113  7:26  Roach x6  
  137  7:35  Roach x3  
  143  7:43  Hydralisk x4  
  151  8:00  Hydralisk x6  
  151  8:03  Overseer  
  163  8:10  Spore Crawler  
  163  8:11  Spine Crawler  
  163  8:12  Spine Crawler  
  160  8:14  Spine Crawler x2  
  160  8:15  Spore Crawler  
  160  8:17  Lurker x3  
  160  8:19  Spore Crawler  
  159  8:21  Spine Crawler  
  159  8:22  Spine Crawler  
  159  8:27  Drone x5  
  162  8:36  Muscular Augments  
  162  8:44  Infestation Pit  
  161  8:52  Lurker x6  
  161  8:53  Overlord x7  
  161  8:55  Spore Crawler  
  166  8:56  Spine Crawler x2  
  166  8:58  Extractor  
  166  8:59  Drone x5  
  166  9:00  Extractor  
  167  9:16  Drone x8  
  167  9:17  Drone x4  
  179  9:24  Hive  
  179  9:27  Zerg Ground Armor Level 1  
  179  9:33  Evolution Chamber  
  179  9:37  Drone x3  
  181  9:38  Drone  
  181  9:39  Drone x2  
  184  9:47  Hydralisk x3  
  184  9:48  Hydralisk x3  
  196  9:56  Hydralisk x2  
  162  10:38  Drone x18  
  162  10:39  Drone x4  
  170  10:49  Spine Crawler  
  169  10:54  Spine Crawler  
  169  10:56  Spine Crawler  
  167  11:00  Zerg Missile Weapons Level 3  
  167  11:02  Adaptive Talons  
  167  11:07  Lurker x9  
  176  11:30  Spine Crawler x3  
  176  11:32  Spine Crawler  
  145  11:42  Hydralisk x4  
  145  11:43  Hydralisk x9  
  145  11:45  Hatchery  
  164  11:59  Seismic Spines  
  164  12:09  Hatchery  
  164  12:15  Drone x4  
  159  12:16  Pneumatized Carapace  
  159  12:20  Hydralisk x2  
  159  12:21  Hydralisk x8  
  177  12:52  Hydralisk  
  177  12:53  Hydralisk x4  
  177  12:58  Hydralisk x10  
  153  13:12  Hydralisk x8  
  163  13:19  Hydralisk  
  142  13:20  Hydralisk x3  
  136  13:29  Overseer x3  
  136  13:30  Hydralisk x4  
  144  13:35  Lurker x7  
  144  13:37  Hydralisk x2  
  153  13:48  Spine Crawler, Drone x3  
  153  13:49  Spine Crawler  
  153  13:51  Drone  
  153  13:52  Drone x5  
  156  13:58  Spine Crawler  
  156  14:01  Spore Crawler, Spine Crawler, Hydralisk x4  
  102  14:11  Hydralisk x5  
  106  14:20  Drone x5  
  109  14:39  Drone x2  
  109  14:40  Extractor x2, Drone x5  
  114  14:50  Lurker x2  
  114  14:51  Lurker x6  
  122  14:53  Lurker  
  123  15:12  Drone  
  123  15:13  Overlord x3  
  124  15:18  Queen  
  126  15:22  Hydralisk x8  
  126  15:23  Hydralisk  
  144  15:39  Hatchery  
  143  15:45  Hydralisk x6  
  143  15:46  Hydralisk x4  
Show
View Real Time Build Order
Export as new Build Order

Cheesus Zerg - Winner!

Build Orders: Hatch First, Lurkers, Roach Hydra 

Get SALT Encoding   

  12  0:01  Drone  
  13  0:13  Overlord  
  13  0:17  Drone  
  14  0:34  Drone x2  
  16  0:52  Hatchery  
  16  0:55  Drone  
  16  0:57  Drone  
  16  1:01  Drone  
  18  1:16  Spawning Pool  
  18  1:18  Drone  
  18  1:22  Drone  
  19  1:28  Extractor  
  19  1:29  Drone  
  19  1:44  Overlord  
  19  2:03  Queen x2  
  19  2:06  Drone x2  
  19  2:07  Drone  
  26  2:12  Drone  
  27  2:22  Drone x2  
  29  2:35  Hatchery  
  28  2:39  Zergling x2  
  28  2:42  Drone  
  28  2:43  Metabolic Boost  
  30  2:47  Drone  
  30  2:49  Drone  
  32  2:52  Drone  
  32  2:57  Overlord  
  33  3:06  Drone x2  
  33  3:08  Overlord  
  35  3:14  Lair  
  35  3:16  Drone  
  35  3:18  Drone  
  37  3:23  Evolution Chamber  
  37  3:24  Drone  
  36  3:28  Drone  
  36  3:33  Drone x3  
  40  3:41  Drone  
  40  3:42  Drone  
  40  3:46  Drone, Roach Warren  
  42  3:52  Extractor, Drone x2  
  42  3:54  Drone x3  
  46  3:55  Drone  
  46  4:00  Zerg Missile Weapons Level 1  
  47  4:04  Extractor  
  47  4:05  Overlord  
  46  4:19  Overlord  
  46  4:20  Drone x3  
  46  4:21  Drone x2  
  46  4:23  Drone x5  
  56  4:30  Roach  
  58  4:31  Overlord  
  58  4:33  Roach  
  58  4:37  Glial Reconstitution  
  60  4:43  Overlord  
  60  4:45  Overlord  
  60  4:47  Roach x2  
  60  4:49  Roach  
  66  4:54  Drone x3  
  66  4:59  Roach x3  
  75  5:03  Roach  
  77  5:07  Extractor  
  77  5:08  Drone x3  
  77  5:09  Drone  
  80  5:19  Queen  
  80  5:20  Overlord  
  82  5:29  Drone x8  
  90  5:36  Hatchery  
  90  5:38  Drone x5  
  90  5:40  Extractor  
  90  5:41  Extractor  
  90  5:42  Overlord  
  92  6:06  Roach  
  92  6:07  Hydralisk Den, Roach x8  
  92  6:08  Overlord  
  109  6:16  Overlord x2  
  109  6:18  Zerg Missile Weapons Level 2  
  109  6:21  Overlord  
  109  6:33  Overlord  
  109  6:35  Burrow  
  109  6:36  Tunneling Claws  
  109  6:43  Overlord x2  
  109  6:45  Drone x2  
  111  7:04  Lurker Den  
  111  7:07  Roach x2  
  111  7:08  Roach x3  
  120  7:09  Infestation Pit  
  119  7:18  Muscular Augments  
  119  7:27  Ravager x2  
  119  7:28  Ravager x2  
  119  7:29  Overlord x2  
  123  7:30  Overlord  
  123  7:33  Hatchery  
  122  7:37  Extractor  
  122  7:38  Extractor, Drone x3  
  122  7:39  Drone x3  
  122  7:40  Drone  
  127  7:47  Overlord  
  127  7:50  Hive  
  127  7:51  Hydralisk x7  
  141  8:09  Hydralisk, Overlord  
  141  8:10  Hydralisk x5  
  153  8:27  Lurker x4  
  153  8:28  Lurker  
  153  8:29  Overlord  
  153  8:30  Grooved Spines, Overlord  
  153  8:31  Overlord  
  159  8:34  Drone x2  
  159  8:37  Overlord  
  159  8:38  Overlord  
  159  8:39  Overlord  
  159  8:41  Overseer x2  
  160  8:42  Lurker  
  160  8:43  Lurker x3  
  160  8:45  Hatchery  
  157  8:56  Overlord  
  157  8:58  Drone x4  
  161  9:09  Lurker  
  162  9:10  Lurker  
  162  9:14  Seismic Spines  
  163  9:19  Spire  
  163  9:21  Drone x3  
  165  9:26  Queen  
  165  9:30  Extractor  
  166  9:34  Extractor  
  166  9:37  Zerg Missile Weapons Level 3  
  165  9:42  Evolution Chamber  
  165  9:43  Overlord  
  165  9:44  Drone  
  165  9:45  Drone x4  
  168  9:46  Drone  
  168  9:48  Viper x2  
  168  9:49  Viper  
  179  10:11  Lurker x2, Adaptive Talons  
  179  10:14  Viper  
  166  10:47  Viper  
  166  10:48  Viper x3  
  166  10:49  Viper  
  173  10:51  Hydralisk x2  
  169  11:16  Hatchery  
  169  11:18  Overseer, Pneumatized Carapace  
  160  11:53  Extractor  
  159  12:12  Hydralisk x8  
  172  12:25  Drone x5  
  172  12:26  Drone x3  
  172  12:27  Drone  
  178  12:35  Hydralisk  
  178  12:36  Hydralisk x6  
  162  13:07  Overseer  
  151  13:20  Lurker x3  
  153  13:29  Lurker x5, Hydralisk x5  
  168  13:37  Hydralisk  
  168  13:38  Hydralisk x4  
  154  14:06  Extractor  
  154  14:09  Extractor  
  128  14:19  Hydralisk x5  
  128  14:20  Hydralisk x14  
  128  14:22  Hydralisk x8  
  128  14:23  Viper  
  178  14:28  Lurker  
  178  14:29  Lurker x4  
  179  14:48  Lurker x6  
  179  14:49  Lurker x8  
  193  15:02  Nydus Network  
  193  15:04  Lurker x8  
  200  15:21  Overlord x2  
Tags
 
Add a new tag
Caveats
  • Supply blocks, unpowered buildings, or Contaminate may cause inaccurate times.
  • Supply counts are checked every 10 seconds.